 Dungeon Crawl Stone Soup version 0.20.0-8-g6b59dc7 (webtiles) character file.

282 MTVSty1e the Cudgeler (level 6, -3/38 HPs)
             Began as a Gargoyle Ice Elementalist on June 2, 2017.
             Slain by Pikel
             ... wielding a +0 whip of freezing
              (6 damage)
             ... on level 3 of the Dungeon.
             The game lasted 00:10:17 (3630 turns).

MTVSty1e the Cudgeler (Gargoyle Ice Elementalist)   Turns: 3630, Time: 00:10:17

Health: -3/38      AC: 16    Str: 11 (14) XL:     6   Next: 28%
Magic:  7/9        EV:  5    Int: 12 (15) God:
Gold:   280        SH:  0    Dex:  9 (10) Spells: 8/9 levels left

rFire    + . .     SeeInvis +   i - +1 mace
rCold    + . .     Gourm    .   (no shield)
rNeg     + . .     Faith    .   d - +0 chain mail {MR+}
rPois    ∞         Spirit   .   l - +0 helmet (curse)
rElec    +         Reflect  .   f - +1 cloak
rCorr    +         Harm     .   (no gloves)
MR       +....     Rnd*Tele +   y - +0 pair of boots
Stlth    ..........             s - amulet of inaccuracy (curse)
Regen    0.2/turn               o - ring of teleportation (curse)
MPRegen  0.2/turn               u - ring of see invisible

@: resistant, very slightly contaminated
A: big wings, negative energy resistance 1, screaming 2, electricity resistance,
unbreathing, petrification resistance, rot immunity, AC +4
a: Fly


You were on level 3 of the Dungeon.
You were not hungry.

You visited 1 branch of the dungeon, and saw 4 of its levels.

You collected 280 gold pieces.

Inventory:

Hand Weapons
 e - a +0 whip
 i - a +1 mace (weapon)
 r - a +0 flail
Armour
 a - a +1 hat
 d - a +0 chain mail of magic resistance (worn)
 f - a +1 cloak (worn)
 l - a cursed +0 helmet (worn)
 y - a +0 pair of boots (worn)
Jewellery
 o - a cursed ring of teleportation (left hand)
 s - a cursed amulet of inaccuracy (around neck)
 u - a ring of see invisible (right hand)
Scrolls
 c - a scroll of recharging
 k - a scroll of teleportation
 q - a scroll of enchant armour
 v - a scroll of enchant weapon
Potions
 h - 2 potions of brilliance
Books
 b - a book of Frost

   Spells                             Type                      Level
   a - Freeze                         Ice                          1
   b - Throw Frost                    Conjuration/Ice              2
   c - Ozocubu's Armour               Charms/Ice                   3
   d - Throw Icicle                   Conjuration/Ice              4
   e - Summon Ice Beast               Ice/Summoning                4
Comestibles
 m - a royal jelly
 n - 2 bread rations
 p - 4 fruits
 x - a meat ration


   Skills:
 + Level 4.0 Fighting
 * Level 4.5 Maces & Flails
 - Level 1.5 Dodging
 - Level 2.1 Stealth
 - Level 2.0 Spellcasting
   Level 1.1 Conjurations
 - Level 3.0 Ice Magic


You had 8 spell levels left.
You knew the following spells:

 Your Spells              Type           Power        Failure   Level  Hunger
a - Freeze                Ice            #...         99%         1    ##.....


Dungeon Overview and Level Annotations

Branches:
Dungeon (4/15)
 Temple: D:4-7

Altars:

Annotations:
D:3 Pikel


Innate Abilities, Weirdness & Mutations

You are resistant to torment.
Your stone body is resilient. (AC +4)
You are immune to poison.
You resist negative energy. (rN+)
You are resistant to electric shocks. (rElec)
You can survive without breathing.
You are immune to petrification.
You are immune to rotting.
Your large and strong wings let you fly indefinitely.
You sometimes yell uncontrollably at your foes.


Message History

Casting: Freeze
Confirm with . or Enter, or press ? or * to list all spells.
Aiming: Freeze
Press: ? - help, Shift-Dir - straight line, f - Pikel
Aim: Pikel, wielding a whip of freezing and wearing a robe (severely wounded)
You miscast Freeze.
You are very lightly contaminated with residual magic.
Nothing appears to happen.
Pikel hits you but does no damage. The slave barely misses you.
Casting: Freeze
Confirm with . or Enter, or press ? or * to list all spells.
Aiming: Freeze
Press: ? - help, Shift-Dir - straight line, f/p - Pikel
Aim: Pikel, wielding a whip of freezing and wearing a robe (severely wounded)
You miscast Freeze.
A chill runs through your body. Pikel hits you but does no damage.
The slave hits you but does no damage.
You miss Pikel.
Pikel is severely wounded.
Pikel hits you with a whip of freezing.
You die...

............####
..#########....##################
.................................
###############.......(##########
##### ########.........# ....#
##........# ###.# ########
#........## ###.## ##..(..K##
#.####..... .....####.......@##
##.# ##.### ###÷..##.......p..#
#..#####.##
.##.#..........(..####.#....#..##
....####....................##..#
##............(...####.#....###.#
##.###...........##...#....###..
###............<...#.###.÷......#
.................#........#####.#
########.............####.# #.#


You could see Pikel and a slave.

Vanquished Creatures
  2 slaves (D:4)
  A scorpion (D:4)
  A bullfrog zombie (D:4)
  A hound (D:3)
  An orc wizard (D:4)
  A hound skeleton (D:4)
  A howler monkey skeleton (D:4)
  6 adders
  A worm (D:3)
  2 dart slugs (D:1)
  3 leopard geckos
  4 orcs (D:4)
  4 giant cockroaches
  5 hobgoblins
  2 ball pythons
  6 bats
  7 frilled lizards
  4 goblins
  5 kobolds
  11 rats
68 creatures vanquished.

Vanquished Creatures (others)
  A quokka (D:4)
1 creature vanquished.

Grand Total: 69 creatures vanquished

Notes
Turn   | Place    | Note
-------+----------+-------------------------------------------
     0 | D:1      | MTVSty1e the Gargoyle Ice Elementalist began the quest for the Orb.
     0 | D:1      | Reached XP level 1. HP: 10/10 MP: 3/3
    41 | D:1      | Reached skill level 1 in Fighting
   177 | D:1      | Reached XP level 2. HP: 17/17 MP: 5/5
  1036 | D:2      | Reached skill level 1 in Maces & Flails
  1127 | D:2      | Reached XP level 3. HP: 9/21 MP: 6/6
  1719 | D:2      | Reached XP level 4. HP: 27/27 MP: 7/7
  2900 | D:4      | Reached XP level 5. HP: 32/32 MP: 4/8
  2936 | D:4      | Reached XP level 6. HP: 32/38 MP: 9/9
  3041 | D:4      | Noticed a slave
  3042 | D:4      | Noticed a slave
  3042 | D:4      | Noticed a slave
  3132 | D:4      | Killed a slave
  3157 | D:4      | Killed a slave
  3347 | D:4      | Noticed Pikel
  3562 | D:4      | Noticed a slave
  3577 | D:3      | Gained mutation: You occasionally shout uncontrollably at your foes. [potion of mutation]
  3577 | D:3      | Gained mutation: You sometimes yell uncontrollably at your foes. [potion of mutation]
  3577 | D:3      | Gained mutation: Your large and strong wings let you fly indefinitely. [potion of mutation]
  3630 | D:3      | Slain by Pikel

Skill      XL: |  1  2  3  4  5  6 |
---------------+-------------------+-----
Fighting       | 1 2 3 4 |  4.0
Maces & Flails | 1 2 3 4 |  4.5
Dodging        | |  1.5
Stealth        | |  2.1
Spellcasting   | |  2.0
Conjurations   | |  1.1
Ice Magic      | |  3.0

Action                   |  1- 3 |  4- 6 || total
-------------------------+-------+-------++-------
Melee: Whip              |    30 |       ||    30
       Mace              |    90 |   283 ||   373
 Cast: Freeze            |     3 |     4 ||     7
  Use: Scroll            |     5 |     3 ||     8
       Potion            |       |    11 ||    11
 Stab: Sleeping          |     5 |     3 ||     8
  Eat: Bread ration      |     1 |       ||     1
       Meat ration       |       |     1 ||     1
Armor: Robe              |    61 |    27 ||    88
       Leather armour    |       |    22 ||    22
       Chain mail        |       |   148 ||   148
Dodge: Dodged            |    90 |   187 ||   277
